 Dungeon Crawl Stone Soup version 0.31.0-32-g396128a36d (webtiles) character file.

Game seed: 11167753889768608326

2 KittyFluff the Ruffian (level 1, -1/18 HPs)
             Began as a Troll Shapeshifter on Apr 14, 2024.
             Succumbed to a goblin's poison
             ... on level 1 of the Dungeon.
             The game lasted 00:00:29 (75 turns).

KittyFluff the Ruffian (Troll Shapeshifter)           Turns: 75, Time: 00:00:30

Health: -1/18      AC:  4    Str: 21    XL:     1   Next: 25%
Magic:  0/0        EV:  9    Int:  6    God:
Gold:   0          SH:  0    Dex:  9    Spells: 0/0 levels left

rFire   . .          .
                       - Unarmed
rCold   . . .        (no shield)
rNeg    . . .        a - +0 animal skin
rPois   .            (helmet currently unavailable)
rElec   .            (cloak currently unavailable)
rCorr   .            (gloves unavailable)
SInv    .            (boots unavailable)
Will    .....        (no amulet)
Stlth   +            (no ring)
HPRegen 1.03/turn    (no ring)
MPRegen 0.07/turn

%: no passive effects
@: lethally poisoned (-1 -> -18), beast-form
A: beast (slay +1), large, unfitting armour, claws 3, regeneration 1, shaggy fur
1, tough skin 1
a: Begin Untransformation


You were on level 1 of the Dungeon.
You were a hulking beast.
You visited 1 branch of the dungeon, and saw 1 of its levels.

Inventory:

Hand Weapons
 e - a +2 hand axe of flaming
Armour
 a - a +0 animal skin (worn)
Talismans
 c - a beast talisman
 d - a flux talisman
Potions
 b - a potion of lignification


   Skills:
 + Level 0.8 Fighting
 + Level 1.6 Dodging
 + Level 3.0 Unarmed Combat
 * Level 3.0 Shapeshifting


You couldn't memorise any spells.
You didn't know any spells.
Your spell library contained the following spells:

 Spells                   Type           Power      Damage    Failure   Level
 Apportation              Tloc           0%         N/A       45%         1
 Necrotise                Necr           0%         1d4       45%         1
 Sting                    Conj/Alch      0%         1d3       45%         1
 Summon Small Mammal      Summ           0%         N/A       45%         1


Dungeon Overview and Level Annotations

Branches:
Dungeon (1/15)

Altars:


Innate Abilities, Weirdness & Mutations

You are a hulking beast.
Your limbs bulge with bestial killing power. (Slay +1)
You are too large for most types of armour.
You have claws for hands.
Your natural rate of healing is unusually fast.
You are covered in fur. (AC +1)
You have tough skin. (AC +1)


Message History

Found a book of Cantrips.
Found a glowing hand axe.
You pick up a book of Cantrips and begin reading...
You add the spells Sting, Necrotise, Summon Small Mammal and Apportation to your library.
A goblin comes into view. It is wielding a +0 dagger.
You claw the goblin!
You kill the goblin!
Things that are here:
a +0 dagger; a goblin corpse You see here a +2 hand axe of flaming.
e - a +2 hand axe of flaming
Things that are here:
a +0 dagger; a goblin corpse
Found an escape hatch in the floor.
A goblin comes into view. It is wielding a +2 dagger of venom.
The goblin shouts!
A kobold comes into view. It is wielding a +0 short sword.
The kobold shouts!
You closely miss the kobold.
The goblin hits you with a +2 dagger of venom.
You are poisoned.
The kobold hits you but does no damage.
You closely miss the kobold.
You feel very sick. The goblin barely misses you.
The kobold hits you with a +0 short sword.
You closely miss the kobold.
You feel sick.
The goblin hits you with a +2 dagger of venom.
You are lethally poisoned!
An endoplasm comes into view.
The kobold barely misses you.
The endoplasm quivers.
You claw the kobold!
You kill the kobold!
You feel very sick.
The goblin hits you with a +2 dagger of venom.
* * * LOW HITPOINT WARNING * * *
You are more poisoned.
You barely miss the goblin.
You die...

... .. .. .#.
J## .. ..# ..
#.# . #g#
#>#h# #.#)###
#.....#
###.#.# #.#.#
#.#.#
#########)#.#
#...........#
#.#######.###


You could see an endoplasm and a goblin.

Vanquished Creatures
  A kobold (D:1)
  A goblin (D:1)
2 creatures vanquished.

Notes
Turn   | Place    | Note
-------+----------+-------------------------------------------
     0 | D:1      | KittyFluff the Troll Shapeshifter began the quest for the
                  | Orb.
     0 | D:1      | Reached XP level 1. HP: 18/18 MP: 0/0
    75 | D:1      | Succumbed to a goblin's poison

Illustrated notes

Levels and vault maps discovered:
D:1:      lemuel_arrival_tunnels, layout_loops_ring

Action                     || total
---------------------------++-------
  Melee: Unarmed           ||     6
 Armour: Animal skin       ||     5
  Dodge: Dodged            ||     2
